 Dungeon Crawl Stone Soup version 0.30-a0-39-g42789b21ef (webtiles) character file.

Game seed: 11906924973962127674

7 drugrobin the Sneak (level 1, 7/17 HPs)
             Began as a Demigod Brigand on Aug 28, 2022.
             Quit the game on level 1 of the Dungeon.
             The game lasted 00:00:49 (228 turns).

drugrobin the Sneak (Demigod Brigand)                Turns: 228, Time: 00:00:50

Health: 7/17       AC:  3    Str: 12    XL:     1   Next: 66%
Magic:  3/3        EV: 11    Int: 13    God:
Gold:   10         SH:  0    Dex: 15    Spells: 0/0 levels left

rFire   . . .      SeeInvis .    a - +2 dagger
rCold   . . .      Faith    .    (no shield)
rNeg    . . .      Spirit   .    b - +0 robe
rPois   .          Reflect  .    (no helmet)
rElec   .          Harm     .    c - +0 cloak
rCorr   .          Rampage  .    (no gloves)
Will    .....                    (no boots)
Stlth   ++........               (no amulet)
HPRegen 0.05/turn                (no ring)
MPRegen 0.08/turn                (no ring)

@: no status effects
A: high MP 1, forlorn, divine attributes
a: no special abilities


You were on level 1 of the Dungeon.
You visited 1 branch of the dungeon, and saw 1 of its levels.

You collected 10 gold pieces.

Inventory:

Hand Weapons
 a - a +2 dagger (weapon)
Missiles
 d - 9 poisoned darts (quivered)
 e - 3 curare-tipped darts
Armour
 b - a +0 robe (worn)
 c - a +0 cloak (worn)
Scrolls
 g - a scroll of noise {unknown}
 i - a scroll of teleportation {unknown}
 j - a scroll of torment {unknown}
Potions
 f - a potion of heal wounds {unknown}
 h - a potion of berserk rage {unknown}


   Skills:
 - Level 1.7 Fighting
 + Level 2.4 Short Blades
 - Level 1.7 Throwing
 - Level 0.8 Dodging
 - Level 3.6 Stealth


You couldn't memorise any spells.
You didn't know any spells.
Your spell library was empty.

Dungeon Overview and Level Annotations

Branches:
Dungeon (1/15)


Innate Abilities, Weirdness & Mutations

You have an increased reservoir of magic. (+10% MP)
You shall have no god before yourself.
Your divine heritage dramatically boosts your attributes as you level up.


Message History

A bat comes into view.
You see here a scroll labelled LIMEGA XIKU.
i - a scroll labelled LIMEGA XIKU A rat comes into view.
The helpless bat fails to defend itself.
You puncture the bat!
You kill the bat!
You see here 10 gold pieces.
Unknown command.
You now have 10 gold pieces.
Found a scroll labelled BYSIQACVOTT.
The rat closely misses you.
You hit the rat.
You kill the rat!
A frilled lizard comes into view.
You see here a rat corpse.
The frilled lizard hisses angrily.
You closely miss the frilled lizard. The frilled lizard bites you.
You closely miss the frilled lizard. The frilled lizard closely misses you.
You miss the frilled lizard. You punch the frilled lizard.
You kill the frilled lizard!
j - a scroll labelled BYSIQACVOTT An endoplasm comes into view.
Unknown command.
The endoplasm quivers.
The endoplasm freezes you.
You are frozen.
You hit the endoplasm.
The endoplasm is moderately wounded.
The endoplasm freezes you.
You are frozen.
You hit the endoplasm.
The endoplasm is heavily wounded.
The endoplasm freezes you.
You are frozen.
You hit the endoplasm but do no damage.
The endoplasm is heavily wounded.
The endoplasm closely misses you.
You hit the endoplasm.
You kill the endoplasm!
Are you sure you want to abandon this character and quit the game? (Confirm with "yes".)

......†....#
..#.###.##.#
.##.###.# .......)#
# ........# .#
.##.##..##.#######
.##.##...........#
............####.#
.#####..###.# #@#
#..# # #.# #..# .#
#.# ##..# #.# #.# #
#...# #.####.# .#.
#...###......#
....#...##.###.###
........##.# #.#
........##.###.####


There were no monsters in sight!

Vanquished Creatures
  A bat (D:1)
  An endoplasm (D:1)
  A goblin (D:1)
  2 frilled lizards (D:1)
  A kobold (D:1)
  A rat (D:1)
  A toadstool (D:1)
8 creatures vanquished.

Vanquished Creatures (others)
  3 toadstools (D:1)
3 creatures vanquished.

Grand Total: 11 creatures vanquished

Notes
Turn   | Place    | Note
-------+----------+-------------------------------------------
     0 | D:1      | drugrobin the Demigod Brigand began the quest for the Orb.
     0 | D:1      | Reached XP level 1. HP: 17/17 MP: 3/3
   228 | D:1      | Quit the game

Illustrated notes

Levels and vault maps discovered:
D:1:      ldierk_water_garden, layout_loops_ring,
          hellmonk_ecumenical_altar_zigzags

Skill      XL: |  1 |
---------------+----+-----
Short Blades   | 2 |  2.4
Fighting       | |  1.7
Throwing       | |  1.7
Dodging        | |  0.8
Stealth        | |  3.6

Action                   || total
-------------------------++-------
Melee: Dagger            ||    20
       Punch             ||     1
 Stab: Sleeping          ||     2
Armor: Robe              ||     4
Dodge: Dodged            ||     4

Table legend: (Time is in decaauts)
 A = Elapsed time spent in this place.
 B = Non-inter-level travel time spent in this place.
 C = Inter-level travel time spent in this place.
 D = Time resting spent in this place.
 E = Time spent auto-exploring this place.
 F = Levels seen in this place.
 G = Mean time per level.
                   A        B        C        D        E       F      G
               +--------+--------+--------+--------+--------+-----+--------+
         Total |    226 |    226 |      0 |      0 |    152 |   1 |  226.0 |
       Dungeon |    226 |    226 |      0 |      0 |    152 |   1 |  226.0 |
               +--------+--------+--------+--------+--------+-----+--------+

Top non-repeatable levels by time:
     D:1: 226 daAuts
